 Dungeon Crawl Stone Soup version 0.28-a0-1292-gb4563b27b3 (webtiles) character file.

Game seed: 15563882010493155594

312 ChaosChampion the Insei (level 6, -9/38 HPs)
             Began as an Octopode Transmuter on Dec 27, 2021.
             Mangled by Menkaure (15 damage)
             ... on level 4 of the Dungeon.
             The game lasted 00:06:14 (4109 turns).

ChaosChampion the Insei (Octopode Transmuter)       Turns: 4109, Time: 00:06:15

Health: -9/38      AC:  2    Str:  9    XL:     6   Next: 42%
Magic:  5/9        EV: 23    Int: 18    God:
Gold:   86         SH:  0    Dex: 17    Spells: 3/9 levels left

rFire   . . .      SeeInvis .     - Unarmed
rCold   . . .      Faith    .   (shield currently unavailable)
rNeg    . . .      Spirit   .   (helmet currently unavailable)
rPois   .          Reflect  .   d - amulet of the acrobat
rElec   .          Harm     .   g - ring of poison resistance
rCorr   .          Rampage  .   k - +4 ring of evasion
Will    .....                   (no ring)
Stlth   ++........              (no ring)
HPRegen 0.12/turn               (no ring)
MPRegen 0.11/turn               (no ring)
                                (no ring)
                                (no ring)

@: spider-form (expiring)
A: venomous fangs, almost no armour, (amphibious), 8 rings, tiny, (camouflage
1), (gelatinous body 1), (nimble swimmer 1), (tentacles)
a: End Transformation


You were on level 4 of the Dungeon.
You were a venomous arachnid creature.
You visited 1 branch of the dungeon, and saw 4 of its levels.

You collected 86 gold pieces.

Inventory:

Missiles
 m - 29 poisoned darts (quivered)
Jewellery
 d - an amulet of the acrobat (around neck)
 g - a ring of poison resistance (left front leg)
 k - a +4 ring of evasion (right front leg)
Scrolls
 a - 4 scrolls of summoning {unknown}
 b - 2 scrolls of enchant armour {unknown}
 f - 2 scrolls of identify {unknown}
 h - a scroll of torment {unknown}
 j - a scroll of fear {unknown}
 l - a scroll of holy word {unknown}
 n - a scroll of immolation {unknown}
Potions
 c - a potion of might {unknown}
 i - a potion of magic {unknown}


   Skills:
 - Level 1.0 Fighting
 - Level 2.0 Dodging
 * Level 5.9 Unarmed Combat
 - Level 2.0 Spellcasting
 + Level 4.1 Transmutations


You had 3 spell levels left.
You knew the following spells:

 Your Spells              Type           Power      Damage    Failure   Level
a - Beastly Appendage     Tmut           32%        N/A       11%         1
b - Wereblood             Tmut           16%        N/A       14%         2
c - Spider Form           Tmut/Pois      9%         N/A       45%         3

Your spell library contained the following spells:

 Spells                   Type           Power      Damage    Failure   Level
 Ice Form                 Ice/Tmut       9%         N/A       80%         4
 Dispersal                Tloc           0%         N/A       100%        6
 Disjunction              Tloc           0%         N/A       100%        8


Dungeon Overview and Level Annotations

Branches:
Dungeon (4/15)
 Temple: D:4-7

Altars:

Shops:
D:1 :

Annotations:
D:4 Menkaure


Innate Abilities, Weirdness & Mutations

You are a venomous arachnid creature.
You have poisonous fangs.
You are tiny and dextrous.
Your spellcasting is less reliable in this form.
Your armour is entirely melded.
You are incapable of wielding weapons or throwing items.
You cannot wear most types of armour.
((You are amphibious.))
You can wear up to eight rings at the same time.
((Your skin changes colour to match your surroundings (Stealth+).))
((Your rubbery body absorbs attacks. (AC +1, EV +1)))
((You are camouflaged when in or above water. (Stealth+)))
((You have tentacles for arms and can constrict up to eight enemies at once.))


Message History

Casting: Spider Form (quite dangerous; 45% risk of failure)
Confirm with . or Enter, or press ? or * to list all spells.
You miscast Wereblood.
You are very lightly contaminated with residual magic.
Nothing appears to happen.
Menkaure shouts!
Menkaure calls on the powers of darkness!
Your body is wracked with pain!
Menkaure casts a spell.
Menkaure seems to speed up.
Menkaure calls on the powers of darkness!
Your body is wracked with pain!
* * * LOW HITPOINT WARNING * * *
You are too injured to fight recklessly!
You are too injured to fight recklessly!
Menkaure completely misses you.
You hit Menkaure.
Menkaure is lightly damaged.
Menkaure misses you.
You hit Menkaure but do no damage.
Menkaure is lightly damaged.
Your transformation is almost over.
Menkaure barely misses you.
You hit Menkaure but do no damage.
Menkaure is lightly damaged.
Menkaure barely misses you.
You hit Menkaure.
Menkaure is lightly damaged.
Menkaure misses you.
Your magical contamination has completely faded away.
You hit Menkaure.
Menkaure is moderately damaged.
Menkaure misses you.
You hit Menkaure.
Menkaure is heavily damaged.
Menkaure gestures at you while chanting.
Pain shoots through your body!
* * * LOW HITPOINT WARNING * * *
You feel better. Menkaure hits you!
You die...

##### ###...###
#....... #.#....#
#...M..# #....s.#
#......# #......# ##+##
#......# ##..[##
#.###..## ##.....##
#.......## ##.......#
######....####.........
.............'.........
######....####......<..


You could see Menkaure (fast).

Vanquished Creatures
  A necrophage (D:2)
  An orc priest (D:3)
  Ijyb (D:3)
  4 gnolls
  6 adders
  4 dart slugs
  13 orcs
  3 endoplasms
  A giant cockroach (D:3)
  3 goblins
  6 hobgoblins
  5 kobolds
  2 quokkas (D:2)
  4 ball pythons
  3 bats
  A frilled lizard (D:2)
  8 rats
66 creatures vanquished.

Notes
Turn   | Place    | Note
-------+----------+-------------------------------------------
     0 | D:1      | ChaosChampion the Octopode Transmuter began the quest for
                  | the Orb.
     0 | D:1      | Reached XP level 1. HP: 13/13 MP: 3/3
   239 | D:1      | Reached XP level 2. HP: 18/18 MP: 3/5
   650 | D:1      | Found a faded altar of an unknown god.
   682 | D:1      | Found Tukle's Book Emporium.
   887 | D:2      | Noticed a necrophage
   897 | D:2      | Reached XP level 3. HP: 12/23 MP: 4/6
  1516 | D:2      | Reached skill level 4 in Unarmed Combat
  1818 | D:2      | Learned a level 2 spell: Wereblood
  1822 | D:2      | Learned a level 3 spell: Spider Form
  1835 | D:2      | Reached XP level 4. HP: 27/28 MP: 1/7
  1878 | D:2      | Killed a necrophage
  1879 | D:2      | Reached skill level 5 in Unarmed Combat
  1879 | D:2      | Reached XP level 5. HP: 22/33 MP: 2/8
  3021 | D:3      | Reached XP level 6. HP: 18/38 MP: 3/9
  3681 | D:3      | Noticed Ijyb
  3700 | D:3      | Killed Ijyb
  4092 | D:4      | Noticed Menkaure
  4108 | D:4      | HP: 1/38 [Menkaure/nerve-wracking pain (11)]
  4109 | D:4      | Mangled by Menkaure

Illustrated notes

Levels and vault maps discovered:
D:1:      dpeg_arrival_houses_and_road, layout_basic, serial_shops, shop,
          dreamdust_ecumenical_altar_statues, st_stairs_10
D:2:      layout_basic
D:3:      layout_rooms, uniq_ijyb
D:4:      layout_loops_corners, minmay_temple_entry_overgrown, uniq_sigmund,
          uniq_menkaure, uniq_blork_the_orc

Skill      XL: |  1  2  3  4  5  6 |
---------------+-------------------+-----
Unarmed Combat | 4 5 |  5.9
Transmutations | 3 4 |  4.1
Fighting       | |  1.0
Dodging        | |  2.0
Spellcasting   | |  2.0

Action                   |  1- 3 |  4- 6 || total
-------------------------+-------+-------++-------
Melee: Unarmed           |    59 |   127 ||   186
       Constrict         |    13 |    17 ||    30
       Kick              |     5 |     5 ||    10
       Tentacles         |     9 |    11 ||    20
 Cast: Beastly Appendage |    14 |     5 ||    19
       Spider Form       |     1 |    12 ||    13
       Wereblood         |       |     4 ||     4
  Use: Potion            |       |     1 ||     1
 Stab: Sleeping          |     2 |     3 ||     5
Armor: Skin              |     6 |     6 ||    12
Dodge: Dodged            |    32 |   111 ||   143

Table legend: (Time is in decaauts)
 A = Elapsed time spent in this place.
 B = Non-inter-level travel time spent in this place.
 C = Inter-level travel time spent in this place.
 D = Time resting spent in this place.
 E = Time spent auto-exploring this place.
 F = Levels seen in this place.
 G = Mean time per level.
                   A        B        C        D        E       F      G
               +--------+--------+--------+--------+--------+-----+--------+
         Total |   4095 |   3980 |    115 |    668 |   2535 |   4 | 1023.8 |
       Dungeon |   4095 |   3980 |    115 |    668 |   2535 |   4 | 1023.8 |
               +--------+--------+--------+--------+--------+-----+--------+

Top non-repeatable levels by time:
     D:2: 2093 daAuts
     D:1: 1093 daAuts
     D:3: 842 daAuts
     D:4: 65 daAuts
